 Dungeon Crawl Stone Soup version 0.29.1-15-g9cfb28693d (webtiles) character file.

Game seed: 2661920746371113909

11347 Mickster the Cleaver (level 11, 0/100 HPs)
             Began as a Hill Orc Berserker on Apr 7, 2023.
             Was a Priest of Trog.
             Slain by a jumping spider (10 damage)
             ... on level 1 of the Spider Nest.
             The game lasted 01:18:21 (8897 turns).

Mickster the Cleaver (Hill Orc Berserker)           Turns: 8897, Time: 01:18:22

Health: 0/100      AC: 16    Str: 29    XL:     11   Next: 76%
Magic:  0/11       EV:  6    Int:  6    God:    Trog [***...]
Gold:   617        SH:  0    Dex:  9    Spells: 10/10 levels left

rFire   + . .      SeeInvis .   A - +4 battleaxe (flame)
rCold   . . .      Faith    .   (shield currently unavailable)
rNeg    . . .      Spirit   +   q - quicksilver dragon scales
rPois   .          Reflect  .   (helmet restricted)
rElec   .          Harm     .   w - scarf {repulsion}
rCorr   .          Rampage  .   f - +1 pair of gloves
Will    +++..                   p - +1 pair of boots
Stlth   +.........              o - amulet of guardian spirit
HPRegen 1.26/turn               n - ring of protection from fire
MPRegen 0.12/turn               x - +4 ring of slaying

@: lethally poisoned (0 -> -14), strong-willed, on berserk cooldown, held,
regenerating, slowed, repel missiles, very slow
A: horns 1, strong 1
a: Renounce Religion, Berserk, Trog's Hand


You were on level 1 of the Spider Nest.
You worshipped Trog.
Trog was most pleased with you.
You visited 3 branches of the dungeon, and saw 12 of its levels.
You also visited: Sewer.

You collected 617 gold pieces.

Inventory:

Hand Weapons
 a - a +0 hand axe
 i - a +0 hand axe of venom
 l - a +0 longbow
 s - a +1 vampiric whip
 z - a +2 trident of venom
 A - a +4 battleaxe of flaming (weapon)
 C - a +3 trident of freezing
 D - a +3 dagger of freezing
 E - a +5 great sword of freezing
 J - a +1 short sword of draining
Missiles
 d - 67 stones
 g - 4 poisoned darts
 j - 4 boomerangs
 y - 4 curare-tipped darts
 B - 2 throwing nets
 N - 4 boomerangs of dispersal (quivered)
Armour
 f - a +1 pair of gloves (worn)
 p - a +1 pair of boots (worn)
 q - quicksilver dragon scales (worn)
 t - a +0 helmet
 u - a +2 leather armour of poison resistance
 v - a +1 chain mail of fire resistance
 w - a scarf of repulsion (worn)
 F - a +2 scale mail of willpower
 I - a +0 plate armour
Jewellery
 n - a ring of protection from fire (left hand)
 o - an amulet of guardian spirit (around neck)
 x - a +4 ring of slaying (right hand)
Wands
 b - a wand of flame (7)
 G - a wand of mindburst (11)
 M - a wand of iceblast (6)
Scrolls
 k - 6 scrolls of identify
 r - 4 scrolls of teleportation
 K - 2 scrolls of fear
 L - a scroll of fog {unknown}
Potions
 c - 3 potions of flight
 e - 5 potions of curing
 h - 3 potions of resistance
 m - 2 potions of haste
 H - a potion of magic


   Skills:
 + Level 10.3 Fighting
 - Level 7.3 Long Blades
 * Level 14.3(15.1) Axes
 - Level 6.7(10.3) Polearms
 + Level 0.7 Throwing
 + Level 7.5 Armour
 + Level 4.1 Dodging
 + Level 2.3 Stealth


You had 10 spell levels left.
You didn't know any spells.
Your spell library was empty.

Dungeon Overview and Level Annotations

Branches:
Dungeon (9/15)               Lair (2/5) D:9          Spider (1/4) Lair:2
  Sewer (visited)
 Temple: D:4-7        Swamp: Lair:2-3    Shoals: Lair:2-3       Orc: D:9-12

Altars:
Dithmenos
Trog
Uskayaw
Beogh


Innate Abilities, Weirdness & Mutations

You have a pair of small horns on your head.
Your muscles are strong. (Str +4, Int/Dex -1)


Message History

The culicivora draws strength from your injuries!
The jumping spider leaps!
The redback bites you but does no damage.
You hit the redback. You burn the redback. You headbutt the redback!
The redback is heavily wounded.
You completely miss the jumping spider. You barely miss the culicivora.
The jumping spider leaps!
The culicivora bites you but does no damage.
The jumping spider closely misses you. The jumping spider bites you.
The redback bites you!
You are poisoned.
The redback poisons you!
The jumping spider completely misses you.
The jumping spider barely misses you. The jumping spider pounces on you.
The jumping spider bites you but does no damage.
The culicivora bites you!
The culicivora draws strength from your injuries!
The redback misses you.
Your skin crawls.
You feel strong-willed.
You feel extremely sick. The jumping spider pounces on you!
* * * LOW HITPOINT WARNING * * *
You are caught in a web!
The jumping spider bites you but does no damage.
The jumping spider pounces on you but does no damage.
The jumping spider bites you.
* * * LOW HITPOINT WARNING * * *
The culicivora bites you!
* * * LOW HITPOINT WARNING * * *
The culicivora draws strength from your injuries!
The redback barely misses you.
The jumping spider pounces on you but does no damage.
The jumping spider bites you but does no damage.
The jumping spider pounces on you but does no damage.
The jumping spider bites you but does no damage.
The culicivora bites you but does no damage.
The redback bites you but does no damage.
The jumping spider leaps!
The jumping spider pounces on you!
You die...

.......# .#
........######.#
#.....#..s...#
#...........#
#..........# . .
#........# ....
#........#
.....#.s°.....##.
°.....s@.........
.°.....s......##.
.........<....#
.....###..###..#
..... ##.# #...
.... #.# ##. ##.#
#.# ## ###


You could see a culicivora, 2 jumping spiders and a redback.

Vanquished Creatures
  3 black mambas
  2 komodo dragons
  A tarantella (Spider:1)
  A hornet (D:9)
  2 jumping spiders (Spider:1)
  29 yaks
  4 steam dragons
  2 redbacks (Spider:1)
  Grum (D:8)
  An acid dragon (D:9)
  7 water moccasins
  5 black bears
  2 sky beasts (D:8)
  An orc warrior (D:8)
  An ogre (D:6)
  4 wolves (D:8)
  A phantom (D:5)
  A centaur (D:7)
  4 bullfrogs
  3 scorpions
  2 necrophages
  12 wights (D:6)
  A howler monkey (D:9)
  5 hounds
  3 orc priests
  A gnoll bouda (D:6)
  3 iguanas
  4 jellies
  Terence (D:3)
  2 orc wizards
  Robin (D:3)
  6 gnolls
  7 adders
  2 river rats (Sewer)
  An ufetubus (D:5)
  A dart slug (D:2)
  13 orcs
  7 ball pythons
  13 endoplasms
  5 giant cockroaches
  13 goblins
  11 hobgoblins
  3 jackals (D:2)
  3 quokkas
  3 bats
  7 frilled lizards
  7 kobolds
  9 rats
221 creatures vanquished.

Vanquished Creatures (others)
  6 fungi
  7 plants
13 creatures vanquished.

Grand Total: 234 creatures vanquished

Notes
Turn   | Place    | Note
-------+----------+-------------------------------------------
     0 | D:1      | Mickster the Hill Orc Berserker began the quest for the
                  | Orb.
     0 | D:1      | Reached XP level 1. HP: 19/19 MP: 1/1
   256 | D:1      | Found a faded altar of an unknown god.
   264 | D:1      | Reached XP level 2. HP: 26/27 MP: 2/2
   987 | D:2      | Reached skill level 5 in Axes
   987 | D:2      | Reached XP level 3. HP: 30/33 MP: 3/3
  1268 | D:3      | Noticed Robin
  1272 | D:3      | Killed Robin
  1273 | D:3      | Reached skill level 1 in Stealth
  1278 | D:3      | Reached XP level 4. HP: 40/40 MP: 4/4
  1284 | D:3      | Reached ** piety under Trog
  1291 | D:3      | Reached skill level 6 in Axes
  1571 | D:3      | Noticed Terence
  1582 | D:3      | Killed Terence
  1583 | D:3      | Reached XP level 5. HP: 33/46 MP: 5/5
  1750 | D:4      | Noticed a black bear
  1759 | D:4      | Killed a black bear
  1760 | D:4      | Reached skill level 1 in Polearms
  1760 | D:4      | Reached XP level 6. HP: 45/53 MP: 6/6
  2033 | D:4      | Found a roughly hewn altar of Beogh.
  2047 | D:4      | Reached skill level 5 in Fighting
  2519 | D:4      | Found a bloodstained altar of Trog.
  2800 | D:4      | Found a hide-covered altar of Uskayaw.
  2851 | D:4      | Gained mutation: You have a pair of small horns on your
                  | head. [potion of mutation]
  2851 | D:4      | Gained mutation: Your muscles are strong. (Str +4, Int/Dex
                  | -1) [potion of mutation]
  3433 | D:5      | Entered Level 5 of the Dungeon
  3445 | D:5      | Reached XP level 7. HP: 57/61 MP: 5/7
  3589 | D:5      | Found a glowing drain.
  3615 | Sewer    | Entered a sewer
  3658 | Sewer    | Reached skill level 5 in Polearms
  3763 | Sewer    | Reached *** piety under Trog
  3774 | Sewer    | Found a viscous altar of Jiyva.
  3958 | Sewer    | Reached XP level 8. HP: 56/70 MP: 4/8
  4628 | D:6      | Reached skill level 5 in Armour
  4745 | D:6      | Noticed a yak
  4745 | D:6      | Noticed a yak
  4747 | D:6      | Noticed a yak
  4750 | D:6      | Noticed a yak
  4752 | D:6      | Reached skill level 7 in Axes
  4753 | D:6      | Killed a yak
  4754 | D:6      | Reached XP level 9. HP: 78/78 MP: 9/9
  4755 | D:6      | Reached skill level 8 in Axes
  4900 | D:6      | Reached skill level 9 in Axes
  4950 | D:6      | Reached skill level 10 in Axes
  5193 | D:7      | Found a shadowy altar of Dithmenos.
  5399 | D:7      | Reached skill level 11 in Axes
  5536 | D:7      | Reached skill level 1 in Long Blades
  5536 | D:7      | Reached XP level 10. HP: 71/86 MP: 8/10
  6249 | D:8      | Noticed Grum
  6263 | D:8      | Killed Grum
  7011 | D:9      | Reached skill level 5 in Long Blades
  7444 | D:9      | Found a staircase to the Lair.
  7461 | Lair:1   | Entered Level 1 of the Lair of Beasts
  7462 | Lair:1   | Noticed a black mamba
  7472 | Lair:1   | Killed a black mamba
  7728 | Lair:1   | Noticed a black mamba
  7736 | Lair:1   | Killed a black mamba
  7909 | Lair:1   | Reached XP level 11. HP: 97/97 MP: 11/11
  7930 | Lair:1   | Reached skill level 12 in Axes
  8799 | Lair:2   | Reached skill level 10 in Fighting
  8799 | Lair:2   | Reached skill level 13 in Axes
  8845 | Lair:2   | Found a hole to the Spider Nest.
  8879 | Spider:1 | Entered Level 1 of the Spider Nest
  8886 | Spider:1 | Reached skill level 14 in Axes
  8897 | Spider:1 | Slain by a jumping spider

Illustrated notes

Levels and vault maps discovered:
D:1:      dpeg_arrival_round_a, layout_loops_ring,
          hellmonk_ecumenical_altar_arch_garden
D:2:      layout_rooms, minmay_quantized
D:3:      layout_rooms, biasface_ghost_orc_armoury,
          minmay_misc_feat_more_columns, uniq_robin, uniq_terence
D:4:      layout_layer_cave, trog_hazing_becter, nicolae_uskayaw_dance_hall,
          kennysheep_orc_chapel
D:5:      layout_basic, minitemple, lemuel_temple_firewalk_b,
          portal_sewer_entry_a, kennysheep_potato, uniq_menkaure
D:6:      layout_basic
D:7:      layout_cave_pools, nicolae_dithmenos_shadow_blocks,
          hangedman_decor_clover_reticule
D:8:      layout_loops_ring, uniq_grum
D:9:      layout_roguey, lair_entry_dummy, minmay_diamond_spiral
Lair:1:   layout_loops_ring, nicolae_volcano_entry_batcave
Lair:2:   layout_chaotic_city, spider_nest_entry_web_field
Spider:1: layout_chambers

Skill      XL: |  1  2  3  4  5  6  7  8  9 10 11 |
---------------+----------------------------------+-----
Axes           | 5 6 7 11 14 | 14.3
Stealth        | 1 2 |  2.3
Fighting       | 4 5 6 7 9 10 | 10.3
Polearms       | 1 3 5 6 |  6.7
Dodging        | 2 3 4 |  4.1
Armour         | 3 4 6 7 |  7.5
Long Blades    | 1 7 |  7.3
Throwing       | |  0.7

Action                   |  1- 3 |  4- 6 |  7- 9 | 10-12 || total
-------------------------+-------+-------+-------+-------++-------
Melee: Hand axe          |    74 |    26 |       |       ||   100
       Punch             |     1 |       |       |       ||     1
       Trident           |       |    71 |   138 |       ||   209
       Headbutt          |       |     1 |    35 |    39 ||    75
       Battleaxe         |       |       |    59 |    87 ||   146
       Great sword       |       |       |     8 |    80 ||    88
Throw: Dart              |     2 |       |       |     3 ||     5
       Boomerang         |       |       |       |     1 ||     1
Invok: Berserk           |     2 |     2 |     5 |    10 ||    19
       Trog's Hand       |       |     2 |     4 |     5 ||    11
  Use: Scroll            |     5 |     3 |     2 |     4 ||    14
       Potion            |     1 |     6 |     3 |     4 ||    14
Armor: Animal skin       |    18 |       |       |       ||    18
       Chain mail        |    18 |    68 |    66 |       ||   152
       Quicksilver drago |       |       |    72 |    83 ||   155
Dodge: Dodged            |    46 |    51 |   123 |   131 ||   351
